 Dungeon Crawl Stone Soup version 0.19-a0-892-g8a19e52 (webtiles) character file.

405 Moloch the Chopper (level 6, -1/47 HPs)
             Began as a Demonspawn Fighter on July 4, 2016.
             Killed from afar by a white imp (6 damage)
             ... with a puff of frost
             ... summoned by Natasha
             ... on level 4 of the Dungeon.
             The game lasted 00:05:12 (3014 turns).

Moloch the Chopper (Demonspawn Fighter)             Turns: 3014, Time: 00:05:14

Health: -1/47      AC: 13    Str: 19    XL:     6   Next: 56%
Magic:  0/6        EV:  9    Int:  9    God:
Gold:   183        SH:  9    Dex: 12    Spells: 0 memorised, 5 levels left

rFire  . . .     SeeInvis .     a - +0 war axe
rCold  . . .     Gourm    .     b - +0 scale mail
rNeg   . . .     Faith    .     c - +0 shield
rPois  .         Spirit   +     A - +2 helmet
rElec  .         Dismiss  .     (no cloak)
rCorr  .         Reflect  .     l - +1 pair of gloves
SustAt .         Harm     .     n - -2 pair of boots (curse)
MR     .....                    (no amulet)
Stlth  ..........               (no ring)
                                t - +2 ring of evasion

@: very slightly contaminated, hasted, very quick, not resistant to hostile
enchantments, extremely unstealthy
A: slimy green scales 1, magic shield, magic regeneration
a: no special abilities


You were on level 4 of the Dungeon.
You were not hungry.

You visited 1 branch of the dungeon, and saw 4 of its levels.

You collected 183 gold pieces.

Inventory:

Hand Weapons
 a - a +0 war axe (weapon)
Armour
 b - a +0 scale mail (worn)
 c - a +0 shield (worn)
 l - a +1 pair of gloves (worn)
 n - a cursed -2 pair of boots (worn)
 A - a +2 helmet (worn)
Jewellery
 t - a +2 ring of evasion (left hand)
Wands
 r - a wand of random effects (18/48)
 w - a wand of digging (18/24)
Scrolls
 g - a scroll of enchant weapon {unknown}
 h - 2 scrolls of enchant armour
 k - 2 scrolls of fear
 p - 6 scrolls of identify
 u - a scroll of teleportation {unknown}
 v - a scroll of remove curse {unknown}
 x - a scroll of random uselessness {unknown}
 y - a scroll of amnesia {unknown}
Potions
 d - 2 potions of might
 e - a potion of curing
 m - 2 potions of cancellation
 o - 3 potions of haste
 q - a potion of mutation {unknown}
Comestibles
 f - 4 bread rations
 i - 3 meat rations
 j - 6 fruits
 z - a chunk of flesh


   Skills:
 - Level 3.0 Fighting
 + Level 6.5 Axes
 - Level 2.6 Armour
 - Level 2.6 Shields


You had 5 spell levels left.
You didn't know any spells.

Dungeon Overview and Level Annotations

Branches:
Dungeon (4/15)
 Temple: D:4-7

Altars:
Elyvilon

Annotations:
D:4 Natasha


Innate Abilities, Weirdness & Mutations

You are partially covered in slimy green scales. (AC +2)
When hurt, damage is shared between your health and your magic reserves.
You regenerate magic rapidly.


Message History

* * * LOW HITPOINT WARNING * * *
Something claws you.
* * * LOW HITPOINT WARNING * * *
Deactivating autopickup; reactivate with Ctrl-A.
You feel better. The orc hits you but does no damage.
Unknown command.
You hit the orc.
The orc is severely wounded.
You miss something. Something claws you!
* * * LOW HITPOINT WARNING * * *
The orc wizard points at you and mumbles some strange words.
You resist with some effort. You block the orc's attack.
Unknown command.
You hit the orc.
The orc is severely wounded.
You closely miss something. You hit the white imp.
Something claws you but does no damage. The white imp gestures at you.
The puff of frost hits you!
You die...

#...
.......................
#...
#.......................
#..o
#................[......
....
#.......................
##o#.
#.......................
#o#.
#..........##########≈..
.....o.....# ...≈.
#.....)....# ≈.≈^.
......o@...#
#.....S5...#
..........>...<
#..............
................
#.........?.....
#...............
#........>.....


You could see an orc wizard, an adder, a white imp and an orc.

Vanquished Creatures
  A howler monkey (D:4)
  3 orc wizards
  2 orc priests
  A centaur skeleton (D:4)
  2 worker ants
  Robin (D:2)
  6 adders
  An ooze (D:3)
  5 worms
  A dart slug (D:1)
  3 giant geckos (D:3)
  9 orcs
  A ball python (D:4)
  4 giant cockroaches (D:1)
  14 goblins
  6 hobgoblins
  4 jackals (D:3)
  4 kobolds
  2 quokkas
  5 bats
  A giant newt (D:3)
  6 rats
82 creatures vanquished.

Notes
Turn   | Place    | Note
-------+----------+-------------------------------------------
     0 | D:1      | Moloch the Demonspawn Fighter began the quest for the Orb.
     0 | D:1      | Reached XP level 1. HP: 18/18 MP: 1/1
    93 | D:1      | Reached skill level 2 in Axes
   319 | D:1      | Gained mutation: You are partially covered in slimy green scales. (AC +2) [demonic ancestry]
   319 | D:1      | Reached XP level 2. HP: 20/24 MP: 2/2
   818 | D:2      | Reached skill level 3 in Axes
   935 | D:2      | Gained mutation: When hurt, damage is shared between your health and your magic reserves. [demonic ancestry]
   935 | D:2      | Reached XP level 3. HP: 29/29 MP: 3/3
   948 | D:2      | Noticed Robin
   959 | D:2      | Killed Robin
  1334 | D:2      | Reached XP level 4. HP: 22/35 MP: 1/4
  1389 | D:2      | Found a white marble altar of Elyvilon.
  1412 | D:2      | Reached skill level 4 in Axes
  2177 | D:3      | Reached skill level 5 in Axes
  2177 | D:3      | Reached XP level 5. HP: 17/41 MP: 2/5
  2566 | D:4      | Noticed an ogre
  2567 | D:4      | an ogre changed into a worm
  2816 | D:4      | Gained mutation: You regenerate magic rapidly. [demonic ancestry]
  2816 | D:4      | Reached XP level 6. HP: 33/47 MP: 4/6
  2867 | D:4      | Reached skill level 6 in Axes
  2990 | D:4      | Noticed Natasha
  3003 | D:4      | HP: 1/47 [something/puff of flame (7)]
  3014 | D:4      | Killed from afar by a white imp

Vault maps used:
D:1:      minmay_arrival_jagged, hangedman_decor_peaks_small
D:2:      lemuel_doored_altar, first_bread, grunt_decor_mini_mirrors, uniq_robin
D:4:      tgw_trog, nicolae_ru_path_of_blood, uniq_natasha

Skill      XL: |  1  2  3  4  5  6 |
---------------+-------------------+-----
Axes           | 2 3 5 6 |  6.5
Fighting       | |  3.0
Armour         | |  2.6
Shields        | |  2.6

Action                   |  1- 3 |  4- 6 || total
-------------------------+-------+-------++-------
Melee: War axe           |    79 |   184 ||   263
Evoke: Wand              |       |     1 ||     1
  Use: Scroll            |     4 |       ||     4
       Potion            |       |     3 ||     3
  Eat: Chunk             |     1 |     6 ||     7
Armor: Scale mail        |    67 |   140 ||   207
Dodge: Dodged            |    25 |    84 ||   109
Block: Shield            |    47 |   112 ||   159
